[Event "Early-Titled-Tuesday-Blitz-September-26-2023"]
[Site "Chess.com"]
[Date "2023.09.26"]
[Round "9"]
[White "ChessArchitect64"]
[Black "emeli_chess"]
[Result "0-1"]
[WhiteElo "2236"]
[BlackElo "2357"]
[TimeControl "180+1"]
[EndTime "9:46:19 PDT"]
[Termination "emeli_chess won by resignation"]

1. d4 Nf6 2. c4 e6 3. Nf3 d5 4. g3 dxc4 5. Bg2 Nc6 6. O-O Rb8 7. a4 a6 8. e3 b5 9. Re1 Be7 10. e4 O-O 11. Bf4 Nb4 12. Ne5 Nd7 13. Qg4 Nxe5 14.
dxe5 f5 15. exf6 Bxf6 16. e5 Be7 17. Be4 Nd3 18. Qh5 Rf5 19. Bxf5 exf5 20. Rd1 Be6 21. Nc3 Qd4 22. Qf3 b4 23. Ne2 Qxb2 24. Rdb1 Qc2 25. Nd4 Qc3 26. Nxe6 b3 27. Qc6 Nb4 28. Qxc7 Re8 29. Qd7 Kf7 30. Ng5+ Kf8 31. Nxh7+ Kf7 32. Ng5+ Kf8 33. Ne6+ Kf7 34. Bg5 b2 35. Bxe7 Rxe7 36. Ng5+ Kg6 37. Qxe7 bxa1=Q 38. Qe6+ Kxg5 39. h4+ Kg4 40. Qg6+ Kf3 41. Qh5+ Ke4 42. Qe2+ Kd5 43. Rxa1 Qxa1+ 44. Kg2 Qd4 45. e6 Nc6 46. e7 Nxe7 47. Qxe7 Qe4+ 48.
Qxe4+ Kxe4 49. Kf1 Kd3 50. Ke1 Kc2 51. h5 c3 52. f3 Kb1 53. g4 fxg4 54. fxg4 c2 55. g5 c1=Q+ 56. Kf2 Qxg5 57. h6 Qxh6 0-1

[Event "Early-Titled-Tuesday-Blitz-September-26-2023"]
[Site "Chess.com"]
[Date "2023.09.26"]
[Round "9"]
[White "Alenzer"]
[Black "Darius321"]
[Result "0-1"]
[WhiteElo "2114"]
[BlackElo "2339"]
[TimeControl "180+1"]
[EndTime "9:46:19 PDT"]
[Termination "Darius321 won on time"]

1. e4 c5 2. Nf3 g6 3. d4 cxd4 4. Nxd4 Bg7 5. c4 Nc6 6. Nc2 Nf6 7. Nc3 O-O 8. Be2 b6 9. Bg5 Bb7 10. O-O d6 11. Qd2 Qb8 12. Rac1 Rd8 13. b4 Rd7 14. Nd5 Nxe4 15. Qf4 Nxg5 16. Qxg5 Qd8 17. Qe3 e6 18. Nf4 Rc8 19. Rfd1 Ne5 20. Nd4 a6 21. h3 Rdc7 22. Nfxe6 fxe6 23. Nxe6 Qf6 24. Nxc7 Rxc7 25. f4 Nc6 26.
Qe8+ Qf8 27. Qe6+ Kh8 28. Qxd6 Qxd6 29. Rxd6 Bf8 30. Re6 Bxb4 31. Bf3 Kg7 32. Rce1 Nd4 33. Bxb7 Nxe6 34. Rxe6 Rxb7 35. Rc6 Bc5+ 36. Kf1 Kf7 37. Ke2 Rd7 38. Rc8 Re7+ 39. Kf3 Re3+ 40. Kg4 Ra3 41. Kg5 Rg3+ 42. Kh6 Rxg2 43. Rc7+ Kf6 44. Kxh7 Rh2 45. Kg8 Rxh3 46. Rc6+ Kf5 47. Rc7 Rg3 48. Rf7+ Ke6 49. Kg7 Rg4 0-1

[Event "Early-Titled-Tuesday-Blitz-September-26-2023"]
[Site "Chess.com"]
[Date "2023.09.26"]
[Round "9"]
[White "Flopezin"]
[Black "Ariadna_Atreides"]
[Result "0-1"]
[WhiteElo "2293"]
[BlackElo "2204"]
[TimeControl "180+1"]
[EndTime "9:46:19 PDT"]
[Termination "Ariadna_Atreides won by checkmate"]

1. e4 c6 2. Nf3 d5 3. d3 Qc7 4.
Nc3 Nf6 5. e5 Ng4 6. d4 h5 7. h3 Nh6 8. Bd3 Nf5 9. Bf4 Qb6 10.
Qd2 Nxd4 11. Nxd4 Qxd4 12. O-O Qb6 13. Na4 Qd8 14. Rfe1 e6 15. Rad1 Be7 16. Qe2 Nd7 17. b3 Nc5 18. Nxc5 Bxc5 19. c4 Bd7 20. cxd5 cxd5 21.
Rc1 Bb4 22. Bd2 Bxd2 23. Qxd2 g6 24. Qb4 b6 25. Ba6 Qe7 26. Qxe7+ Kxe7 27. Rc7 Rhd8 28. Rec1 f6 29. Rb7 fxe5 30. Rcc7 Kd6 31. Kf1 e4 32. Ke2 e5 33. Ke3 Bf5 34. Rxa7 Rxa7 35. Rxa7 d4+ 36. Ke2 Kd5 37. Bc4+ Kd6 38. Rb7 Kc5 39. Rc7+ Kd6 40. Rb7 Kc6 41. Rg7 b5 42. Bf7 Rd6 43. Bg8 Rd7 44.
Rxd7 Kxd7 45. Bd5 Kd6 46. Bb7 Kc5 47. a3 g5 48. b4+ Kd6 49. Ba6 Kc6 50. Kd2 Kb6 51.
Bc8 Bxc8 52. g3 Bxh3 53. Kc2 Bf5 54. Kd2 h4 55. gxh4 gxh4 56. Ke1 h3 57. Kf1 d3 58. Kg1 d2 59. Kh2 d1=Q 60. a4 bxa4 61. b5 Qf3 62. Kg1 Qg2# 0-1

[Event "Early-Titled-Tuesday-Blitz-September-26-2023"]
[Site "Chess.com"]
[Date "2023.09.26"]
[Round "9"]
[White "GaalZsoka"]
[Black "sonicdravise"]
[Result "0-1"]
[WhiteElo "2479"]
[BlackElo "2653"]
[TimeControl "180+1"]
[EndTime "9:46:20 PDT"]
[Termination "sonicdravise won by resignation"]

1. Nf3 d5 2. g3 Nd7 3. d4 Nb6 4. Nc3 Nf6 5. Bg2 Bf5 6. a4 a5 7. Nh4 Bg4 8. h3 Bh5 9. O-O e6 10. Qd3 Bb4 11. Bg5 h6 12. Bxf6 Qxf6 13. e4 O-O 14. Nb5 c6 15. c3 cxb5 16. cxb4 bxa4 17. exd5 exd5 18. b5 Rfe8 19. Rfe1 Bg6 20. Nxg6 Qxg6 21. Qxg6 fxg6 22. Rac1 Rxe1+ 23. Rxe1 Kf7 24. Rc1 Re8 25. Kf1 Re7 26. Rc5 Ke6 27. Ke2 Kd6+ 28.
Kd2 g5 29. Kd1 Rc7 30. Rxc7 Kxc7 31. Kd2 Kd6 32. Kc3 Nc4 33. Bf3 a3 34. bxa3 Nxa3 35. Be2 b6 36. Bd3 Nc4 37. h4 gxh4 38. gxh4 g5 39.
hxg5 hxg5 40. Bh7 a4 41. Bd3 a3 42. Kb3 Ke6 43. Be2 Kf5 44. Bf3 Nd2+ 45. Kxa3 Nxf3 46. Kb4 Nxd4 47. Kc3 Nxb5+ 48. Kd3 d4 49. Kc4 Ke4 50. Kxb5 d3 51. Kxb6 d2 52. Kc6 d1=Q 53.
Kc5 Qf3 0-1

[Event "Early-Titled-Tuesday-Blitz-September-26-2023"]
[Site "Chess.com"]
[Date "2023.09.26"]
[Round "9"]
[White "Austen48"]
[Black "stratacticos"]
[Result "1-0"]
[WhiteElo "2281"]
[BlackElo "1794"]
[TimeControl "180+1"]
[EndTime "9:46:21 PDT"]
[Termination "Austen48 won on time"]

1. d4 Nf6 2. c4 c5 3. d5 b5 4.
cxb5 a6 5. bxa6 e6 6. Nc3 exd5 7. Nxd5 Nxd5 8. Qxd5 Nc6 9. e4 Be7 10. Bc4 O-O 11.
Qd1 Bxa6 12. Bxa6 Qa5+ 13. Bd2 Qxa6 14. Ne2 Bf6 15. Bc3 Nd4 16. Bxd4 cxd4 17. O-O Qb6 18.
Qd2 Rfe8 19. Ng3 Rab8 20. b3 Qc5 21. Rac1 Qe5 22. f4 Qb5 23. Rc4 d5 24. exd5 Qxd5 25. Rfc1 h5 26. Rc5 Qe6 27. Nxh5 Be7 28. Re5 Qb6 29.
Qd3 Rbc8 30. Rxc8 Rxc8 31. Rxe7 g6 32. Ng3 Rc3 33. Re8+ Kg7 34. Qd2 d3+ 35. Qf2 Rc1+ 36. Nf1 Qxf2+ 37. Kxf2 Rc2+ 38. Kf3 Rxa2 39. Rd8 d2 40.
Nxd2 Rb2 41. Rd4 Kf6 42. b4 Ke6 43. h3 f5 44. g4 fxg4+ 45. hxg4 Rc2 46. Ke3 Rc3+ 47.
Ke4 Rg3 48. f5+ gxf5+ 49. gxf5+ Kf6 50. Rd6+ Kf7 51. Ke5 Re3+ 52. Ne4 Rb3 53. Rb6 1-0

[Event "Early-Titled-Tuesday-Blitz-September-26-2023"]
[Site "Chess.com"]
[Date "2023.09.26"]
[Round "9"]
[White "Rozhkov_V"]
[Black "Agibileg"]
[Result "0-1"]
[WhiteElo "2442"]
[BlackElo "2675"]
[TimeControl "180+1"]
[EndTime "9:46:23 PDT"]
[Termination "Agibileg won by resignation"]

1. e4 e5 2. Nf3 Nc6 3. d4 exd4 4. Bc4 Nf6 5. e5 Ne4 6. Qe2 Nc5 7. c3 dxc3 8. Nxc3 Be7 9. O-O O-O 10. Bf4 d6 11. Rad1 Be6 12. a3 Qc8 13. exd6 cxd6 14. b4 Bxc4 15.
Qxc4 Ne6 16. Bxd6 Bxd6 17. Rxd6 Rd8 18. Rfd1 Rxd6 19. Rxd6 Qc7 20. Rxe6 fxe6 21. b5 Rc8 22. Qxe6+ Kh8 23. bxc6 Qxc6 24. Qxc6 Rxc6 25. Ne2 Ra6 26.
Kf1 Rxa3 27. Ke1 b5 28. Nfd4 b4 29. Kd2 Ra2+ 30. Kd3 a5 31. Kc4 Kg8 32. Kb3 Rd2 33.
Ka4 h6 34. h4 h5 35. f3 Kf7 36. g4 hxg4 37. fxg4 Kf6 38. Kb3 Rd3+ 39. Kc4 Rh3 40.
Nf4 Rxh4 41. Nd5+ Kf7 42. Ne3 Rh1 43. Kb5 Ra1 44. Nd5 Ra3 45. Nc6 b3 46. Nc3 b2 47.
Nb1 Ra1 48. Nc3 Rc1 49. Nb1 Rxb1 50. Kxa5 Ra1+ 51. Kb5 b1=Q+ 52. Kc5 Qc1+ 0-1

[Event "Early-Titled-Tuesday-Blitz-September-26-2023"]
[Site "Chess.com"]
[Date "2023.09.26"]
[Round "9"]
[White "ContrVersia"]
[Black "marcodobrikov"]
[Result "1-0"]
[WhiteElo "2882"]
[BlackElo "2649"]
[TimeControl "180+1"]
[EndTime "9:46:25 PDT"]
[Termination "ContrVersia won by checkmate"]

1. Nf3 Nf6 2. c4 c5 3. b3 Nc6 4.
Bb2 e6 5. g3 Be7 6. Bg2 O-O 7.
O-O b6 8. e3 Bb7 9. Nc3 Rc8 10.
Rc1 d5 11. cxd5 exd5 12. d4 c4 13. bxc4 dxc4 14. Ne5 Na5 15. Bxb7 Nxb7 16. Nb5 Qe8 17.
Nxa7 Ra8 18. Nac6 Rxa2 19. Nxe7+ Qxe7 20. Nxc4 Qb4 21. Qd3 Rxb2 22. Nxb2 Qxb2 23. Rb1 Qa2 24. Rxb6 Nd8 25. Rfb1 Ne6 26. Qb3 Qe2 27. Qd1 Qa2 28.
R1b2 Qd5 29. R6b5 Qe4 30. Re5 Qg6 31. Qf3 h5 32. Qf5 Qh6 33. d5 Nc5 34. d6 Ncd7 35.
Re7 h4 36. Rxd7 Nxd7 37. Qxd7 Ra8 38. Kg2 Ra6 39. Qc8+ Kh7 40. Qxa6 h3+ 41. Kg1 Qf6 42. Rb1 Qf3 43. Qf1 Qf5 44. Rd1 Qd7 45. Qd3+ g6 46.
e4 Kg7 47. Qd4+ f6 48. e5 fxe5 49. Qxe5+ Kh6 50. Qe3+ g5 51. Qe4 Qa4 52. Qxa4 g4 53.
Qf4+ Kh5 54. Rd5+ Kg6 55. Qxg4+ Kf7 56. Qf5+ Kg7 57. Re5 Kh6 58. Re6+ Kg7 59. Rg6+ Kh7 60. Qh5# 1-0

[Event "Early-Titled-Tuesday-Blitz-September-26-2023"]
[Site "Chess.com"]
[Date "2023.09.26"]
[Round "9"]
[White "CraiggoryC"]
[Black "Kotofeyca"]
[Result "1-0"]
[WhiteElo "2260"]
[BlackElo "2366"]
[TimeControl "180+1"]
[EndTime "9:46:26 PDT"]
[Termination "CraiggoryC won by checkmate"]

1. e4 c5 2. Nf3 d6 3. d4 cxd4 4. Nxd4 Nf6 5. Nc3 a6 6. Be3 Ng4 7. Bg5 Nc6 8. h3 Qb6 9. Nd5 Qxd4 10. Qxd4 Nxd4 11. hxg4 Nxc2+ 12. Kd2 Nxa1 13. Nc7+ Kd8 14.
Nxa8 h6 15. Be3 Bxg4 16. Bc4 e6 17. Rxa1 Be7 18. Nb6 Bf6 19. Rb1 Kc7 20. Be2 Bxe2 21. Kxe2 Kb8 22. Nd7+ Kc7 23. Nxf6 gxf6 24. Rc1+ Kb8 25.
Bb6 Rc8 26. Rxc8+ Kxc8 27. g4 Kd7 28. Be3 f5 29. exf5 exf5 30. f3 Ke7 31. Bxh6 fxg4 32.
fxg4 Ke6 33. Bf4 Kd5 34. Kd3 b5 35. Bd2 Ke5 36. Ke3 Kd5 37. b3 Ke5 38. Bc3+ Kd5 39. Kf4 Kc5 40. Kf5 b4 41. Bb2 Kd5 42. Kf6 Ke4 43.
Kxf7 d5 44. g5 d4 45. Bxd4 Kxd4 46. g6 Kc3 47. g7 Kb2 48. g8=Q Kxa2 49. Qg3 a5 50.
Ke6 a4 51. bxa4 b3 52. Qc3 b2 53. Qxb2+ Kxb2 54. a5 Kc3 55. a6 Kc4 56. a7 Kb5 57. a8=Q Kc4 58. Qb7 Kd3 59. Qd5+ Ke3 60. Ke5 Ke2 61.
Qd4 Kf3 62. Qf4+ Ke2 63. Qg3 Kd2 64. Qf3 Ke1 65. Qg2 Kd1 66. Ke4 Kc1 67. Kd3 Kb1 68. Kc3 Ka1 69. Qb2# 1-0

[Event "Early-Titled-Tuesday-Blitz-September-26-2023"]
[Site "Chess.com"]
[Date "2023.09.26"]
[Round "9"]
[White "vedantgoswami"]
[Black "nicholas_ilic"]
[Result "1-0"]
[WhiteElo "2355"]
[BlackElo "2220"]
[TimeControl "180+1"]
[EndTime "9:46:26 PDT"]
[Termination "vedantgoswami won on time"]

1. g3 d5 2. Bg2 Nf6 3. d4 g6 4. c4 c6 5. cxd5 cxd5 6. Nc3 Bg7 7. Nf3 O-O 8. O-O Nc6 9. Ne5 Be6 10. Nxc6 bxc6 11. Na4 Qc8 12. Bf4 Bh3 13. Rc1 Bxg2 14. Kxg2 Nh5 15. Be3 f5 16. f4 Qe6 17.
Qd3 Nf6 18. Nc5 Qd6 19. Rc2 Ne4 20. Rfc1 Rac8 21. Qa6 Nxc5 22. Rxc5 Qe6 23. Kf2 g5 24. Rxc6 Rxc6 25. Qxc6 Qe4 26. Qc2 gxf4 27. Qxe4 fxg3+ 28. Kxg3 dxe4 29. Rc7 Kf7 30. Rxa7 Ke6 31. Ra6+ Kd5 32. Ra5+ Kc4 33. Rc5+ Kb4 34. Kf4 Bh6+ 35. Ke5 Bxe3 36. a3+ Kb3 37. Rc3+ Kxb2 38. Rxe3 Kc2 39. a4 Kd2 40.
Kf4 Rg8 41. Ra3 e6 42. e3 Rg4+ 43. Ke5 Ke2 44. a5 f4 45. exf4 e3 46. a6 Rg8 47.
Ke4 Kf2 48. Rxe3 Kg2 49. Ra3 Kxh2 50. a7 Ra8 51. Ke5 h5 52. Kxe6 h4 53. d5 h3 54. d6 Kg2 55. d7 h2 56. Ra1 h1=Q 57. Rxh1 Kxh1 58. f5 Kg2 59. f6 Kg3 60. f7 Kg4 61.
Ke7 Rxa7 62. f8=Q Ra5 63. Qg7+ Kf4 64. d8=Q Ra7+ 65. Qd7 Ra6 66. Qf6+ Ke3 67. Qxa6 Ke4 68. Qdb5 1-0

[Event "Early-Titled-Tuesday-Blitz-September-26-2023"]
[Site "Chess.com"]
[Date "2023.09.26"]
[Round "9"]
[White "Hasangatin_Ramil"]
[Black "MatthewG-p4p"]
[Result "1-0"]
[WhiteElo "2729"]
[BlackElo "2798"]
[TimeControl "180+1"]
[EndTime "9:46:28 PDT"]
[Termination "Hasangatin_Ramil won by resignation"]

1. e4 e6 2. d3 d5 3. Qe2 Nf6 4. g3 dxe4 5. dxe4 e5 6. Nf3 Nc6 7. Bg2 Bc5 8. O-O O-O 9. c3 a5 10. Nh4 Re8 11. Rd1 Qe7 12. h3 a4 13. Nd2 g6 14. Nf1 Nh5 15. Ne3 Be6 16. Kh2 Rad8 17. Nd5 Bxd5 18. exd5 Nb8 19. b4 axb3 20. axb3 e4 21. Nf5 Qf6 22. Nh6+ Kg7 23. Ng4 Qf5 24. Bh6+ Kh8 25. b4 Bd6 26. c4 Nd7 27. c5 Bf8 28. Ra7 Bxh6 29. Nxh6 Qf6 30. Rxb7 e3 31. Ng4 exf2 32.
Qxe8+ Rxe8 33. Nxf6 Nhxf6 34. Rf1 Re2 35. Rxc7 Ne5 36.
d6 Rd2 37. b5 Nfd7 38. c6 Nb6 39. d7 Kg7 40. Rxf2 Rxf2 41. d8=Q Nf3+ 42. Kh1 Rd2 43. Qxd2 Nxd2 44. Rb7 Nc8 45. Bd5 Kf6 46. c7 Ke5 47.
Rb8 Nd6 48. Bxf7 N2e4 49. Kg2 Nxg3 50. Kxg3 Kf6 51. c8=Q Nxc8 52. Rxc8 Kxf7 53. Rc1 Kf6 54. b6 h5 55. b7 h4+ 56. Kg2 g5 57. b8=Q g4 58.
Qb5 gxh3+ 59. Kh1 1-0

[Event "Early-Titled-Tuesday-Blitz-September-26-2023"]
[Site "Chess.com"]
[Date "2023.09.26"]
[Round "9"]
[White "bazar-wokzal"]
[Black "Grossboss19"]
[Result "1-0"]
[WhiteElo "2667"]
[BlackElo "2525"]
[TimeControl "180+1"]
[EndTime "9:46:29 PDT"]
[Termination "bazar-wokzal won by checkmate"]

1. e4 c6 2. d4 d5 3. f3 Nd7 4. Nc3 e6 5. Be3 Bb4 6. Bd3 Ne7 7. Ne2 O-O 8. O-O f6 9. Ng3 Qe8 10. Nce2 Bd6 11. c4 Kh8 12. Qc2 g6 13. h4 f5 14. cxd5 cxd5 15. e5 Bb8 16. h5 Nb6 17. b3 Bd7 18. hxg6 Nxg6 19. Bh6 Rf7 20. a4 a5 21. Nh5 Qd8 22. Nf6 Bc6 23. f4 Ba7 24.
Rf3 Nd7 25. Bg5 Qf8 26. Rh3 Nxf6 27. exf6 Rc8 28. Qd2 Qb4 29. Qxb4 axb4 30. Kf2 Bb6 31. Rah1 Bd8 32. Rh6 Kg8 33. g4 Bxf6 34. Bxf6 Rxf6 35. Rxh7 Rcf8 36. gxf5 exf5 37. Ke3 R8f7 38. R7h6 Re7+ 39.
Kd2 Kg7 40. Ng3 Kf7 41. Nxf5 Rd7 42. Rh7+ Ke6 43. Ng7+ Kf7 44. Nh5+ Kg8 45. Nxf6+ Kf8 46. Nxd7+ Bxd7 47. Rxd7 Nxf4 48. Rf1 Ke8 49. Rxf4 Kxd7 50.
Rf7+ Kc6 51. Bb5+ Kb6 52. Rd7 Ka5 53. Rxd5 Kb6 54. Rc5 Ka5 55. Rc4 b6 56. Bc6 Ka6 57. d5 Ka5 58. d6 Ka6 59. d7 b5 60.
Bxb5+ Kb7 61. d8=Q Ka7 62. Rc7+ Kb6 63. Qb8+ Ka5 64.
Ra7# 1-0

[Event "Early-Titled-Tuesday-Blitz-September-26-2023"]
[Site "Chess.com"]
[Date "2023.09.26"]
[Round "9"]
[White "jjlai1111"]
[Black "Sinquefield"]
[Result "0-1"]
[WhiteElo "2375"]
[BlackElo "2556"]
[TimeControl "180+1"]
[EndTime "9:46:30 PDT"]
[Termination "Sinquefield won by checkmate"]

1. d4 Nf6 2. Nf3 d6 3. c4 Nbd7 4. g3 e5 5. Bg2 Be7 6. Nc3 O-O 7. e4 c6 8. O-O a6 9. d5 cxd5 10. exd5 Ne8 11. Nd2 f5 12. b4 g5 13. Re1 Nef6 14.
Ba3 a5 15. Nb5 f4 16. bxa5 Ra6 17. Bb4 Rf7 18. Bh3 Nf8 19. Bxc8 Qxc8 20. Qe2 Qh3 21. Qf1 Qh5 22. Ne4 fxg3 23. hxg3 Ng6 24. Nbxd6 Ng4 25. Qg2 Bxd6 26. Bxd6 Rxd6 27. Nxd6 Rxf2 28. Qxf2 Nxf2 29. Kxf2 Qh2+ 30. Kf3 h5 31. Nf5 Qc2 32. Ne3 g4+ 33.
Nxg4 hxg4+ 34. Kxg4 Qxc4+ 35. Kh3 Qxd5 36. Rad1 Qf3 37.
Kh2 Qf2+ 38. Kh3 Qxa2 39. Rd8+ Kg7 40. Rd7+ Kh6 41. Rxb7 Qxa5 42. Rbb1 Qd5 43. Rh1 Kg5 44. Rhf1 e4 45. Kh2 Qd2+ 46. Kg1 Qd4+ 47. Kg2 Ne5 48. Rbe1 e3 49. Re2 Qe4+ 50. Kh3 Qg4+ 51. Kh2 Qxe2+ 52. Kh3 Qxf1+ 53. Kh2 Qf2+ 54. Kh3 e2 55. g4 Qf3+ 56. Kh2 Nxg4+ 57. Kg1 Qf2+ 58. Kh1 e1=Q# 0-1

[Event "Early-Titled-Tuesday-Blitz-September-26-2023"]
[Site "Chess.com"]
[Date "2023.09.26"]
[Round "9"]
[White "DarZay"]
[Black "melissa_guez"]
[Result "1/2-1/2"]
[WhiteElo "2199"]
[BlackElo "2090"]
[TimeControl "180+1"]
[EndTime "9:46:30 PDT"]
[Termination "Game drawn by repetition"]

1. e4 c5 2. Nf3 e6 3. d4 cxd4 4.
Nxd4 Nc6 5. Nc3 Qc7 6. Be2 a6 7. O-O Nf6 8. Be3 Bb4 9. Bf3 O-O 10. Na4 Ne5 11. Bg5 Be7 12. Nc3 b5 13. a3 Bb7 14.
Qe2 h6 15. Bf4 d6 16. Rad1 Nc4 17. Ncxb5 axb5 18. Nxb5 Qc8 19. b3 Nxa3 20. Nxd6 Bxd6 21. Bxd6 Rd8 22. e5 Nd5 23. Bxd5 Bxd5 24. c4 Bb7 25. Ra1 Qc6 26. f3 Rxd6 27. exd6 Qxd6 28. Qf2 Qe5 29. Rfe1 Qc3 30. Rec1 Qe5 31. Qb6 Nxc4 32.
Rxa8+ Bxa8 33. bxc4 Kh7 34. h3 Bb7 35. Kh1 Ba8 36. c5 Qe3 37. Qb1+ g6 38. c6 Qa3 39. c7 Bxf3 40. gxf3 Qxf3+ 41. Kg1 Qg3+ 42. Kf1 Qxh3+ 43. Ke1 Qe3+ 44. Kd1 Qd4+ 45. Ke2 Qe5+ 46. Kd2 Qf4+ 47. Kd3 Qd6+ 48. Ke3 Qe5+ 49. Kf3 Qh5+ 50. Ke3 Qe5+ 51. Kd3 Qd6+ 52. Ke2 Qe5+ 53. Kd2 Qd6+ 54.
Qd3 Qf4+ 55. Qe3 Qd6+ 56. Ke2 Qh2+ 57. Kd3 Qd6+ 58. Ke2 Qh2+ 59. Ke1 Qh1+ 60. Ke2 Qh2+ 1/2-1/2

[Event "Early-Titled-Tuesday-Blitz-September-26-2023"]
[Site "Chess.com"]
[Date "2023.09.26"]
[Round "9"]
[White "jk13"]
[Black "Witik"]
[Result "0-1"]
[WhiteElo "2619"]
[BlackElo "2746"]
[TimeControl "180+1"]
[EndTime "9:46:31 PDT"]
[Termination "Witik won by resignation"]

1. e4 c6 2. Nc3 d5 3. Qe2 dxe4 4.
Nxe4 Nf6 5. Nf3 Na6 6. d3 Nxe4 7. dxe4 e5 8. g3 Qa5+ 9. c3 Bg4 10. Bg2 Qc7 11. O-O Nc5 12. h3 Bh5 13. Qc2 Be7 14. Be3 O-O 15. Rad1 a5 16. a4 f6 17. Rd2 Bf7 18.
Bxc5 Bxc5 19. Rfd1 Rad8 20. Bf1 g6 21. Kg2 Kg7 22.
Rd3 Rxd3 23. Qxd3 Qb6 24. Rd2 Be6 25. Qb1 Rf7 26. Bd3 Rd7 27. Qd1 Kf8 28. Bc4 Rxd2 29. Nxd2 Bc8 30. Bb3 Ke7 31. Nc4 Qc7 32. Qd2 Be6 33.
Qd3 b6 34. Nd2 Qd7 35. Qc2 Bxh3+ 36. Kg1 Bg4 37. Nf1 h5 38. Nh2 Be6 39. Nf3 Bxb3 40. Qxb3 Qe6 41. Qd1 Qg4 42. Kg2 Qxe4 43. Qd2 Qxa4 44.
Qh6 Qe4 45. Qg7+ Ke6 46. Qg8+ Kd6 47. Qf8+ Kc7 48. Qxf6 Kc8 49. Qe6+ Kb7 50. Qxe5 Qxe5 51. Nxe5 g5 52. f4 gxf4 53. gxf4 Bd6 54. Nd3 b5 55. f5 Kc7 56. Kf3 Kd7 57. Ke4 h4 58. Nf2 a4 59.
Nh3 Ke7 60. Kf3 Kf6 61. Kg4 Be5 62. Kxh4 Kxf5 63. Nf2 a3 64. bxa3 Bxc3 65. Kh3 Bb2 66. Nd3 Bxa3 67. Kg3 Ke4 68. Kh3 Kxd3 0-1

[Event "Early-Titled-Tuesday-Blitz-September-26-2023"]
[Site "Chess.com"]
[Date "2023.09.26"]
[Round "9"]
[White "TigrVShlyape"]
[Black "halfnatty"]
[Result "1/2-1/2"]
[WhiteElo "2945"]
[BlackElo "2760"]
[TimeControl "180+1"]
[EndTime "9:46:47 PDT"]
[Termination "Game drawn by repetition"]

1. d4 d5 2. Bf4 c5 3. e3 Nc6 4. c3 e6 5. Nd2 Bd6 6. Qg4 Nf6 7. Qh4 Be7 8. Bg5 h6 9. Bd3 Rg8 10.
Bxf6 Bxf6 11. Qh5 Qb6 12. Rb1 Bd7 13. Ngf3 cxd4 14. exd4 Rh8 15. Ne5 Nxe5 16. dxe5 Be7 17. O-O g6 18. Qh3 Qc7 19. Rfe1 O-O-O 20. Nb3 Kb8 21.
Nd4 Bc5 22. Qf3 Rdf8 23. b4 Bb6 24. Rbc1 h5 25. Qf6 h4 26. h3 Qd8 27. Qf4 Rh5 28. Nf3 Bc7 29. Qg4 Rhh8 30. Kh1 Bc6 31. c4 dxc4 32. Bxc4 Bxf3 33. Qxf3 Rh5 34. Bd3 Qe7 35.
a3 Rxe5 36. Rxe5 Bxe5 37. Be4 f5 38. Bb1 Rd8 39. Re1 Bc7 40. Qe3 Qd6 41. f4 Qxf4 42.
Qxf4 Bxf4 43. Ba2 e5 44. Bf7 e4 45. Kg1 Bg3 46. Rb1 g5 47. Be6 Rf8 48. Bd5 e3 49.
Kf1 Re8 50. Ke2 f4 51. Rc1 Rd8 52. Rd1 Bf2 53. Bf3 Rxd1 54. Kxd1 b6 55. Kc2 Kc7 56. Kd3 Kd6 57. Kc4 Be1 58. a4 Bd2 59. b5 Ke5 60. Kd3 Kd6 61. Kc4 Ba5 62. Be2 Ke5 63. Bf3 g4 64.
Bxg4 Ke4 65. Bf3+ Ke5 66. Kd3 Bd2 67. Kc4 Ba5 68. Kd3 Bd2 69. Kc4 Ba5 1/2-1/2

[Event "Early-Titled-Tuesday-Blitz-September-26-2023"]
[Site "Chess.com"]
[Date "2023.09.26"]
[Round "9"]
[White "BogdanDeac"]
[Black "Iskusnyh"]
[Result "1-0"]
[WhiteElo "2943"]
[BlackElo "2603"]
[TimeControl "180+1"]
[EndTime "9:46:47 PDT"]
[Termination "BogdanDeac won on time"]

1. d4 d5 2. c4 c6 3. Nf3 Nf6 4. Nc3 e6 5. Bg5 Nbd7 6. e3 h6 7. Bh4 Be7 8. Qc2 O-O 9. Rd1 b6 10. Be2 Bb7 11. O-O Rc8 12. cxd5 cxd5 13. Qb3 Ne4 14. Bxe7 Qxe7 15. Nxe4 dxe4 16. Nd2 Nf6 17. Qa4 Bd5 18. Rc1 e5 19. Nb3 Bxb3 20. axb3 exd4 21.
Qxd4 Rcd8 22. Qc3 Rd5 23. Rfd1 Rc5 24. Qd2 Rfc8 25. h3 a5 26. Bc4 a4 27. Qe1 Qc7 28. Ra1 b5 29. Bf1 axb3 30. Ra3 b4 31. Qxb4 Rc2 32. Rxb3 Qe5 33. Qe1 Rxb2 34. Rxb2 Qxb2 35. Rb1 Qc3 36. Qd1 Qc2 37. Qe1 Qc3 38. Qxc3 Rxc3 39. Rb8+ Kh7 40. g4 Rc7 41. Kg2 g5 42. Rb6 Kg7 43. Rd6 Re7 44. Bc4 Ne8 45. Rd4 Nf6 46. Kg3 Nh7 47. Bd5 Nf6 48. Bb3 Rb7 49. Bc2 Re7 50. h4 Re8 51. hxg5 hxg5 52. Rc4 Re7 53.
Rc5 Kg6 54. f4 Nh7 55. Rc6+ Kg7 56. Rc5 gxf4+ 57. Kxf4 Nf6 58. g5 Ne8 59. Bxe4 Nd6 60. Bd5 Ne8 61. e4 f6 62. Kf5 fxg5 63. Kxg5 Nd6 64. Kf4 1-0

[Event "Early-Titled-Tuesday-Blitz-September-26-2023"]
[Site "Chess.com"]
[Date "2023.09.26"]
[Round "9"]
[White "BlueWizzard"]
[Black "Zurability"]
[Result "1/2-1/2"]
[WhiteElo "2913"]
[BlackElo "2758"]
[TimeControl "180+1"]
[EndTime "9:46:48 PDT"]
[Termination "Game drawn by repetition"]

1. d4 Nf6 2. g3 e6 3. Bg2 c5 4. Nf3 Nc6 5. O-O d5 6. c4 dxc4 7. Na3 cxd4 8. Nxc4 Be7 9. b3 Nd5 10. Bb2 Nc3 11. Qc2 O-O 12. e3 Bf6 13. exd4 Nd5 14. Qd2 b6 15. Rac1 Bb7 16. Rfe1 Rc8 17. h4 h6 18. Nh2 h5 19. Nf3 g6 20. Rcd1 Nce7 21. Ba3 Ba6 22. Nfe5 b5 23. Nd6 Rc7 24. Nexf7 Rxf7 25. Rxe6 Rf8 26. Ne4 Bc8 27. Rd6 Rd7 28. Bc5 Rxd6 29. Nxd6 Bg4 30. Re1 Nc7 31. Qd3 Ne6 32.
Qxb5 Kh7 33. Qb7 Nxd4 34. Bxd4 Qxd6 35. Bxf6 Qxf6 36. Qxe7+ Qxe7 37. Rxe7+ Kh6 38. Rxa7 Rd8 39. Be4 Rd2 40. Ra6 Re2 41. Bxg6 Kg7 42. Kg2 Rd2 43.
Be4 Be2 44. Bf3 Bxa6 45. a4 Rb2 46. Bd5 Bd3 47. Kf3 Bc2 48. a5 Bxb3 49. Be4 Ra2 50. Kf4 Rxa5 51. Bf3 Bf7 52. Ke3 Bg6 53. Bg2 Ra3+ 54.
Kf4 Kf6 55. Bh1 Ra4+ 56. Ke3 Ke5 57. Bg2 Ra3+ 58. Ke2 Kd4 59. Bh3 Bd3+ 60. Kf3 Be4+ 61. Kf4 Rf3+ 62. Kg5 Rxf2 63. Kxh5 Ke5 64. Bd7 Rg2 65.
g4 Kf4 66. g5 Bf5 67. Be8 Rh2 68. g6 Rg2 69. Kh6 Ke5 70. Kg7 Ke6 71. h5 Ke7 72.
Bf7 Be6 73. Bxe6 Kxe6 74. h6 Kf5 75. h7 Rxg6+ 76. Kf7 Rh6 77. Kg7 Rg6+ 78. Kf7 Rf6+ 79. Kg7 Rg6+ 1/2-1/2

[Event "Early-Titled-Tuesday-Blitz-September-26-2023"]
[Site "Chess.com"]
[Date "2023.09.26"]
[Round "9"]
[White "MokshanovAlexey"]
[Black "Rap_woyska"]
[Result "1/2-1/2"]
[WhiteElo "2668"]
[BlackElo "2535"]
[TimeControl "180+1"]
[EndTime "9:46:48 PDT"]
[Termination "Game drawn - insufficient material"]

1. e4 c5 2. Nf3 e6 3. c3 d5 4. exd5 Qxd5 5. Be2 Nc6 6. Na3 Nf6 7. d4 cxd4 8. Nb5 Qd8 9. Nbxd4 Nxd4 10. Nxd4 e5 11.
Nb5 a6 12. Qxd8+ Kxd8 13. Na3 Bxa3 14. bxa3 Be6 15. O-O Kc7 16. a4 Rhd8 17. f4 e4 18. f5 Bd7 19. Bf4+ Kc8 20. Bc4 Be8 21. a5 Nd5 22.
Rae1 Bb5 23. Rxe4 Nf6 24. Rd4 Rxd4 25. cxd4 Kd7 26. Bxb5+ axb5 27. Rc1 Nd5 28. Bd2 b4 29. Rc5 Kd6 30. Kf2 g6 31. fxg6 fxg6 32. Ke2 Re8+ 33.
Kd3 Rf8 34. Be1 Rf1 35. Bg3+ Ke6 36. Rb5 Ra1 37. Kc4 Rc1+ 38. Kb3 Rc3+ 39. Kb2 Ra3 40.
Rxb4 Rxa5 41. Rxb7 Ne3 42. Rxh7 Nxg2 43. Rb7 Kd5 44.
Be5 Ne3 45. Kb3 Nf5 46. a4 Ra8 47. Rb5+ Ke4 48. a5 g5 49. Kb4 g4 50. Bg3 Nxd4 51.
Re5+ Kd3 52. Rg5 Nc6+ 53. Kb3 Nxa5+ 54. Kb2 Nc4+ 55. Kb3 Ne3 56. Bf4 Rh8 57. Bxe3 Kxe3 58. Rxg4 Rxh2 59. Rc4 Rd2 60. Rc3+ Rd3 61. Rxd3+ Kxd3 1/2-1/2

[Event "Early-Titled-Tuesday-Blitz-September-26-2023"]
[Site "Chess.com"]
[Date "2023.09.26"]
[Round "9"]
[White "Kostya0705"]
[Black "andrzej"]
[Result "0-1"]
[WhiteElo "2583"]
[BlackElo "2464"]
[TimeControl "180+1"]
[EndTime "9:46:52 PDT"]
[Termination "andrzej won by resignation"]

1. e4 e5 2. Nf3 Nf6 3. d4 Nxe4 4. Bd3 d5 5. Nxe5 Bd6 6. c4 Bxe5 7. dxe5 Nc5 8. cxd5 O-O 9. O-O Nbd7 10. f4 Nb6 11. d6 cxd6 12. exd6 Be6 13. Rf3 Bg4 14. Bxh7+ Kxh7 15. Qc2+ Kg8 16. Rg3 Qxd6 17. Rxg4 Qd4+ 18.
Kh1 Nd3 19. h3 Nf2+ 20. Kh2 Nxg4+ 21. hxg4 Nd5 22. Nc3 Rac8 23. Bd2 Nxf4 24. Rh1 Ng6 25. Kh3 Rfd8 26. Be1 Qd3+ 27. Qxd3 Rxd3+ 28. Kh2 Rd4 29. Bf2 Rxg4 30. Bxa7 Rh4+ 31. Kg1 Rxh1+ 32. Kxh1 f6 33. a4 Kf7 34. Kg1 Ke6 35. Kf2 Ne5 36. Bd4 Nd3+ 37. Ke3 Nxb2 38. Ne4 Nc4+ 39. Kd3 Ne5+ 40. Ke3 Rc4 41.
a5 Kd5 42. Nc3+ Kc6 43. g3 g5 44. Ne4 Nd7 45. Nxf6 Nxf6 46. Bxf6 Rc5 47. Bd8 Kd7 48. Bb6 Rb5 49. Ke4 Ke6 50. Bd8 Rb4+ 51. Kf3 g4+ 52. Ke3 Ke5 53. Bc7+ Kd5 54. Bb6 Ke5 55. Bc7+ Kf5 56.
Bb6 Rb3+ 57. Kf2 Ke4 58. Bc7 Rf3+ 59. Ke2 Rf7 60. Bd6 Rd7 61. Bf4 Rd5 62. Bc7 Rb5 63.
Kf2 Rb3 64. Ke2 Rb2+ 65. Kd1 Kf3 66. Kc1 Rb5 67. Kd2 Ke4 68. Ke2 Rc5 69. Bb6 Rc2+ 70.
Kf1 Ra2 71. Bc7 Kf3 72. Ke1 Rg2 73. Kf1 Rxg3 74. a6 bxa6 0-1